Devils vs Ice Caps

Created - Sunday, March 20, 2016 at 01:13

Goals
1 2 3 T
Devils 0 0 0 0
Ice Caps 1 0 0 1
Shots
1 2 3 T
Devils 4 12 6 22
Ice Caps 12 10 3 25

1st period

1. Ice Caps , Patrick Dwyer 15 (Trevor Smith, B.J. Crombeen) at 17:49

Penalties :
No Penalty

2nd period

No Goal

Penalties :
Ryan Carter (STJ) for Holding (Minor) at 14:18

3rd period

No Goal

Penalties :
B.J. Crombeen (STJ) for Interference (Minor) at 1:07, Justin Dowling (ALB) for Hooking (Minor) at 3:37

Goalie Stats

Anton Khudobin (ALB), 24 saves from 25 shots - (0.960), L, 12-6-4, 59:05 minutes
Jeff Zatkoff (STJ), 22 saves from 22 shots - (1.000), W, 26-6-10, 60:00 minutes

Players Stats for Devils

Player Name              G  A  P  +/- PIM S  H  SB GA TA FO     MP     PP MP  PK MP  
------------------------------------------------------------------------------------
Colin Miller             0  0  0   0  0   0  1  1  2  0  0/0    24:51   1:51   0:51 
Curtis Hamilton          0  0  0   0  0   0  1  0  2  0  0/0     6:57   0:02   0:48 
Darren Archibald         0  0  0   0  0   0  1  0  0  0  0/0     2:09   0:00   0:00 
Darroll Powe             0  0  0   0  0   0  1  1  1  2  5/8    14:09   0:00   0:16 
Gabriel Beaupre          0  0  0   0  0   0  2  1  1  3  0/0    20:23   2:07   1:08 
Garrett Thompson         0  0  0   0  0   2  0  1  2  1  0/0    22:59   1:51   0:51 
Joel Hanley              0  0  0  -1  0   1  2  0  0  1  0/0    23:25   2:07   1:08 
John Ramage              0  0  0  -1  0   0  0  0  0  0  0/0    10:53   0:00   0:00 
Jordan Martinook         0  0  0   0  0   1  1  0  0  0  0/1    20:05   1:58   1:11 
Justin Dowling           0  0  0  -1  2   3  1  0  2  3  3/5    17:38   0:00   0:00 
Matthew Ford             0  0  0   0  0   2  0  0  0  1  0/1    16:48   2:00   0:00 
Rod Pelley               0  0  0  -1  0   0  2  0  1  2  0/1    18:16   1:58   0:00 
Sean Collins             0  0  0   0  0   6  1  1  5  2  5/8    19:30   1:58   1:01 
Sena Acolatse            0  0  0   0  0   0  1  0  1  0  0/0    17:29   0:00   0:00 
Tom Kuhnhackl            0  0  0   0  0   3  0  0  2  1  0/0    10:33   0:00   0:00 
Yanni Gourde             0  0  0   0  0   0  2  0  5  0  2/4    19:02   2:00   0:42 
Zach O'Brien             0  0  0   0  0   1  3  0  2  0  0/0    18:31   1:58   0:00 
Zack Mitchell            0  0  0  -1  0   3  2  0  1  0  0/2    14:22   0:00   0:00 

Players Stats for Ice Caps

Player Name              G  A  P  +/- PIM S  H  SB GA TA FO     MP     PP MP  PK MP  
------------------------------------------------------------------------------------
Alex Biega               0  0  0   1  0   1  2  0  0  2  0/0    21:10   0:58   2:17 
Alex Grant               0  0  0   0  0   0  2  0  0  1  0/0    23:06   0:58   1:41 
B.J. Crombeen            0  1  1   1  2   1  3  1  1  0  0/0    15:10   1:11   0:00 
Barry Goers              0  0  0   0  0   1  1  0  0  1  0/0    16:03   0:00   0:00 
Bobby Sanguinetti        0  0  0   0  0   1  1  0  0  2  0/0    22:12   1:01   1:41 
Brandon Yip              0  0  0   0  0   1  1  0  5  1  0/2    14:16   0:00   0:44 
Derek Grant              0  0  0   0  0   4  1  1  4  1  2/4    15:06   1:11   0:44 
Kyle MacKinnon           0  0  0   0  0   0  2  0  1  2  1/1    13:03   0:00   0:00 
Nathan Oystrick          0  0  0   0  0   3  2  0  0  0  0/0    16:38   0:00   0:00 
Nick D'Agostino          0  0  0   1  0   0  3  0  0  1  0/0    20:51   1:01   2:17 
Patrick Dwyer            1  0  1   1  0   1  0  0  1  2  1/4    13:21   0:00   0:00 
Paul Carey               0  0  0   0  0   4  1  0  5  0  0/0    13:17   0:00   0:12 
Ryan Carter              0  0  0   0  2   0  2  1  1  0  0/1    15:56   0:48   0:12 
Scott Gomez              0  0  0   0  0   1  1  0  2  1  8/12   17:47   0:48   3:02 
Tim Kennedy              0  0  0   0  0   1  2  0  2  0  3/5    13:03   0:00   0:00 
TJ Galiardi              0  0  0   0  0   1  0  2  3  2  0/0    17:47   0:48   3:02 
Trevor Smith             0  1  1   1  0   3  0  0  2  1  0/1    14:40   1:11   0:00 
Troy Bodie               0  0  0   0  0   2  3  0  0  1  0/0    12:34   0:00   0:00 

3 Stars

1 - Jeff Zatkoff (STJ)
2 - Anton Khudobin (ALB)
3 - Patrick Dwyer (STJ)

Power Play

Devils - 0 on 2 Attempt(s) - 0.00%
Ice Caps - 0 on 1 Attempt(s) - 0.00%

Penalty Kill

Devils - 1 on 1 Attempt(s) - 100.00% - Score 0 goal in Penalty Kill
Ice Caps - 2 on 2 Attempt(s) - 100.00% - Score 0 goal in Penalty Kill

Team Stat

Devils - Hits : 21 - Faceoff Wins : 15 - Blocked Shots : 5 - Penalty Minutes : 2
Ice Caps - Hits : 27 - Faceoff Wins : 15 - Blocked Shots : 5 - Penalty Minutes : 4

Official

Referees : Unknown
Linesman : Unknown

Game Notes

No Game Note

Finance

Level 1 -- Attendance: 1556 (77.80%) -- Ticket Income $43,568
Level 2 -- Attendance: 726 (72.60%) -- Ticket Income $10,890
Total Attendance: 2282 (76.07%)
Total Ticket Income: $54,458
Other Income: $26,684
Total Income: $81,142

Devils

5 vs 5 Forward 
   Center                   Left Wing                Right Wing               Time % Phy DF OF 
 1 Justin Dowling           Yanni Gourde             Zach O'Brien             35     1   2  2  
 2 Sean Collins             Jordan Martinook         Tom Kuhnhackl            30     1   2  2  
 3 Jordan Martinook         Rod Pelley               Zack Mitchell            22     1   2  2  
 4 Darroll Powe             Sean Collins             Matthew Ford             13     1   2  2  

5 vs 5 Defense 
   Defense                  Defense                                           Time % Phy DF OF 
 1 Colin Miller             Garrett Thompson                                  35     1   2  2  
 2 Joel Hanley              Gabriel Beaupre                                   30     1   2  2  
 3 Sena Acolatse            Colin Miller                                      22     1   2  2  
 4 Colin Miller             Garrett Thompson                                  13     1   2  2  

PowerPlay Forward 
   Center                   Left Wing                Right Wing               Time % Phy DF OF 
 1 Yanni Gourde             Jordan Martinook         Matthew Ford             60     1   2  2  
 2 Sean Collins             Rod Pelley               Zach O'Brien             40     1   2  2  

PowerPlay Defense
   Defense                  Defense                                           Time % Phy DF OF 
 1 Colin Miller             Garrett Thompson                                  60     1   2  2  
 2 Joel Hanley              Gabriel Beaupre                                   40     1   2  2  

Penalty Kill 4 Players Forward 
   Center                   Wing                     Time % Phy DF OF 
 1 Sean Collins             Jordan Martinook         60     1   2  2  
 2 Rod Pelley               Matthew Ford             40     1   2  2  

Penalty Kill 4 Players Defense
   Defense                  Defense                  Time % Phy DF OF 
 1 Colin Miller             Garrett Thompson         60     1   2  2  
 2 Joel Hanley              Gabriel Beaupre          40     1   2  2  

Penalty Kill - 3 Players Forward 
   Forward                                           Time % Phy DF OF 
 1 Matthew Ford                                      60     1   2  2  
 2 Jordan Martinook                                  40     1   2  2  

Penalty Kill - 3 Players Defense
   Defense                  Defense                  Time % Phy DF OF 
 1 Colin Miller             Garrett Thompson         60     1   2  2  
 2 Joel Hanley              Gabriel Beaupre          40     1   2  2  

4 vs 4 Forward 
   Center                   Wing                     Time % Phy DF OF 
 1 Justin Dowling           Jordan Martinook         60     1   2  2  
 2 Rod Pelley               Matthew Ford             40     1   2  2  

4 vs 4 Defense
   Defense                  Defense                  Time % Phy DF OF 
 1 Colin Miller             Garrett Thompson         60     1   2  2  
 2 Joel Hanley              Gabriel Beaupre          40     1   2  2  

Last Minutes Offensive
   Center                   Left Wing                Right Wing               Defense                  Defense                  
   Justin Dowling           Jordan Martinook         Matthew Ford             Colin Miller             Garrett Thompson         

Last Minutes Defensive
   Center                   Left Wing                Right Wing               Defense                  Defense                  
   Justin Dowling           Jordan Martinook         Matthew Ford             Colin Miller             Garrett Thompson         

Goaltenders
Starting : Anton Khudobin           
Backup : Anthony Stolarz          

Extra Forwards
Normal : Matthew Ford, Jordan Martinook, Yanni Gourde - PP : Jordan Martinook, Rod Pelley - PK : Yanni Gourde
Extra Defensemen
Normal : Sena Acolatse, Colin Miller, Joel Hanley - PP : Sena Acolatse - PK : Colin Miller, Joel Hanley
Penalty Shots
Yanni Gourde, Colin Miller, Matthew Ford, Sean Collins, Zach O'Brien

Ice Caps

5 vs 5 Forward 
   Center                   Left Wing                Right Wing               Time % Phy DF OF 
 1 Scott Gomez              TJ Galiardi              Ryan Carter              35     1   2  2  
 2 Patrick Dwyer            Trevor Smith             B.J. Crombeen            30     1   2  2  
 3 Derek Grant              Paul Carey               Troy Bodie               22     1   2  2  
 4 Tim Kennedy              Brandon Yip              Kyle MacKinnon           13     1   2  2  

5 vs 5 Defense 
   Defense                  Defense                                           Time % Phy DF OF 
 1 Alex Grant               Bobby Sanguinetti                                 35     1   2  2  
 2 Alex Biega               Nick D'Agostino                                   30     1   2  2  
 3 Nathan Oystrick          Barry Goers                                       22     1   2  2  
 4 Alex Grant               Bobby Sanguinetti                                 13     1   2  2  

PowerPlay Forward 
   Center                   Left Wing                Right Wing               Time % Phy DF OF 
 1 Scott Gomez              Ryan Carter              TJ Galiardi              60     1   2  2  
 2 Trevor Smith             B.J. Crombeen            Derek Grant              40     1   2  2  

PowerPlay Defense
   Defense                  Defense                                           Time % Phy DF OF 
 1 Alex Grant               Alex Biega                                        60     1   2  2  
 2 Nick D'Agostino          Bobby Sanguinetti                                 40     1   2  2  

Penalty Kill 4 Players Forward 
   Center                   Wing                     Time % Phy DF OF 
 1 Scott Gomez              TJ Galiardi              60     1   2  2  
 2 Ryan Carter              Paul Carey               40     1   2  2  

Penalty Kill 4 Players Defense
   Defense                  Defense                  Time % Phy DF OF 
 1 Alex Grant               Bobby Sanguinetti        60     1   2  2  
 2 Alex Biega               Nick D'Agostino          40     1   2  2  

Penalty Kill - 3 Players Forward 
   Forward                                           Time % Phy DF OF 
 1 Patrick Dwyer                                     60     1   2  2  
 2 Tim Kennedy                                       40     1   2  2  

Penalty Kill - 3 Players Defense
   Defense                  Defense                  Time % Phy DF OF 
 1 Alex Grant               Bobby Sanguinetti        60     1   2  2  
 2 Barry Goers              Alex Biega               40     1   2  2  

4 vs 4 Forward 
   Center                   Wing                     Time % Phy DF OF 
 1 Ryan Carter              Scott Gomez              60     1   2  2  
 2 TJ Galiardi              Troy Bodie               40     1   2  2  

4 vs 4 Defense
   Defense                  Defense                  Time % Phy DF OF 
 1 Alex Biega               Alex Grant               60     1   2  2  
 2 Nathan Oystrick          Barry Goers              40     1   2  2  

Last Minutes Offensive
   Center                   Left Wing                Right Wing               Defense                  Defense                  
   Scott Gomez              Ryan Carter              TJ Galiardi              Alex Grant               Alex Biega               

Last Minutes Defensive
   Center                   Left Wing                Right Wing               Defense                  Defense                  
   Scott Gomez              Ryan Carter              TJ Galiardi              Alex Grant               Alex Biega               

Goaltenders
Starting : Jeff Zatkoff             
Backup : Scott Greenham           

Extra Forwards
Normal : Kyle MacKinnon, Scott Gomez, Patrick Dwyer - PP : TJ Galiardi, Ryan Carter - PK : Brandon Yip
Extra Defensemen
Normal : Nathan Oystrick, Alex Grant, Bobby Sanguinetti - PP : Alex Biega - PK : Nick D'Agostino, Alex Grant
Penalty Shots
Kyle MacKinnon, Scott Gomez, Patrick Dwyer, TJ Galiardi, Ryan Carter

% Time on Ice - Devils

Lines # - Real PCT - Wanted PCT - Time Play
Normal Forward
1 - 31% - 35% - 16:34
2 - 20% - 30% - 10:52
3 - 27% - 22% - 14:22
4 - 22% - 13% - 11:28
Normal Defense
1 - 32% - 35% - 17:07
2 - 31% - 30% - 16:16
3 - 31% - 22% - 16:35
4 - 6% - 13% - 3:18
PP Forward
1 - 50% - 60% - 2:00
2 - 50% - 40% - 1:58
PP Defense
1 - 47% - 60% - 1:51
2 - 53% - 40% - 2:07
PK Forward
1 - 100% - 60% - 1:59
2 - 0% - 40% - 0:00
PK Defense
1 - 43% - 60% - 0:51
2 - 57% - 40% - 1:08
PK3 Forward
1 - 0% - 60%
2 - 0% - 40%
PK3 Defense
1 - 0% - 60%
2 - 0% - 40%
44 Forward
1 - 0% - 60%
2 - 0% - 40%
44 Defense
1 - 0% - 60%
2 - 0% - 40%
Last Minute Offensive  - 0:47
Last Minute Defensive  - 0:00
Total
Forward - 60:00
Defense - 60:00

% Time on Ice - Ice Caps

Lines # - Real PCT - Wanted PCT - Time Play
Normal Forward
1 - 26% - 35% - 13:51
2 - 26% - 30% - 14:00
3 - 24% - 22% - 12:34
4 - 24% - 13% - 13:03
Normal Defense
1 - 31% - 35% - 16:32
2 - 33% - 30% - 17:33
3 - 30% - 22% - 16:03
4 - 6% - 13% - 3:20
PP Forward
1 - 40% - 60% - 0:48
2 - 60% - 40% - 1:11
PP Defense
1 - 49% - 60% - 0:58
2 - 51% - 40% - 1:01
PK Forward
1 - 95% - 60% - 3:46
2 - 5% - 40% - 0:12
PK Defense
1 - 42% - 60% - 1:41
2 - 58% - 40% - 2:17
PK3 Forward
1 - 0% - 60%
2 - 0% - 40%
PK3 Defense
1 - 0% - 60%
2 - 0% - 40%
44 Forward
1 - 0% - 60%
2 - 0% - 40%
44 Defense
1 - 0% - 60%
2 - 0% - 40%
Last Minute Offensive  - 0:00
Last Minute Defensive  - 0:35
Total
Forward - 60:00
Defense - 60:00

Play by Play

1st period


0:01 of 1st period - Scott Gomez wins face-off versus Justin Dowling in neutral zone.
0:09 of 1st period - Icing by Zach O'Brien.
0:10 of 1st period - Justin Dowling wins face-off versus Scott Gomez in Devils zone.
0:10 of 1st period - Justin Dowling is hit by Alex Grant.
1:19 of 1st period - B.J. Crombeen is hit by Sean Collins and loses puck.
2:02 of 1st period - Gabriel Beaupre is hit by Paul Carey and loses puck.
2:53 of 1st period - Matthew Ford is hit by Brandon Yip and loses puck.
3:04 of 1st period - Snap shot by Brandon Yip.
3:04 of 1st period - Stopped by Anton Khudobin with a rebound.
3:40 of 1st period - Scott Gomez is hit by Zach O'Brien.
4:04 of 1st period - Alex Biega is hit by Gabriel Beaupre and loses puck.
4:11 of 1st period - Nick D'Agostino is hit by Joel Hanley and loses puck.
4:30 of 1st period - B.J. Crombeen is hit by Sena Acolatse and loses puck.
4:55 of 1st period - Snap shot by Paul Carey.
4:55 of 1st period - Stopped by Anton Khudobin with a rebound.
4:57 of 1st period - Slapshot by Nathan Oystrick.
4:57 of 1st period - Stopped by Anton Khudobin with a rebound.
4:59 of 1st period - Slapshot by Nathan Oystrick.
4:59 of 1st period - Stopped by Anton Khudobin with a rebound.
5:03 of 1st period - Wrist shot by Derek Grant.
5:03 of 1st period - Stopped by Anton Khudobin with a rebound.
5:05 of 1st period - Snap shot by Paul Carey.
5:05 of 1st period - Shot Misses the Net.
6:35 of 1st period - Snap shot by Paul Carey.
6:35 of 1st period - Deflect By Derek Grant.
6:35 of 1st period - Stopped by Anton Khudobin with a rebound.
6:37 of 1st period - Slapshot by Barry Goers.
6:37 of 1st period - Stopped by Anton Khudobin with a rebound.
6:41 of 1st period - Snap shot by Paul Carey.
6:41 of 1st period - Shot Blocked by Darroll Powe.
7:34 of 1st period - Rod Pelley is hit by Tim Kennedy and loses puck.
7:55 of 1st period - Yanni Gourde is hit by Nick D'Agostino and loses puck.
8:08 of 1st period - Snap shot by Yanni Gourde.
8:08 of 1st period - Shot Misses the Net.
9:01 of 1st period - Zach O'Brien is hit by B.J. Crombeen.
10:12 of 1st period - Snap shot by Scott Gomez.
10:12 of 1st period - Stopped by Anton Khudobin with a rebound.
10:14 of 1st period - Wrist shot by TJ Galiardi.
10:14 of 1st period - Stopped by Anton Khudobin with a rebound.
11:09 of 1st period - Wrist shot by Justin Dowling.
11:09 of 1st period - Shot Misses the Net.
11:29 of 1st period - Slapshot by Tom Kuhnhackl.
11:29 of 1st period - Stopped by Jeff Zatkoff with a rebound.
13:11 of 1st period - Tom Kuhnhackl is hit by Nathan Oystrick and loses puck.
13:42 of 1st period - Brandon Yip is hit by Darren Archibald and loses puck.
15:01 of 1st period - Zack Mitchell is hit by Alex Biega and loses puck.
15:26 of 1st period - Troy Bodie is hit by Zach O'Brien and loses puck.
15:39 of 1st period - Wrist shot by Justin Dowling.
15:39 of 1st period - Stopped by Jeff Zatkoff with a rebound.
15:55 of 1st period - Snap shot by Sean Collins.
15:55 of 1st period - Stopped by Jeff Zatkoff with a rebound.
15:57 of 1st period - Snap shot by Curtis Hamilton.
15:57 of 1st period - Deflect By Sean Collins.
15:57 of 1st period - Shot Misses the Net.
15:57 of 1st period - Puck is out of play.
15:58 of 1st period - Scott Gomez wins face-off versus Sean Collins in Ice Caps zone.
16:18 of 1st period - Off-side.
16:19 of 1st period - Sean Collins wins face-off versus Tim Kennedy in neutral zone.
17:39 of 1st period - Snap shot by Trevor Smith.
17:39 of 1st period - Stopped by Anton Khudobin with a rebound.
17:47 of 1st period - Wrist shot by Trevor Smith.
17:47 of 1st period - Stopped by Anton Khudobin with a rebound.
17:49 of 1st period - Snap shot by Patrick Dwyer.
17:49 of 1st period - Goal by Patrick Dwyer - Devils : 0 - Ice Caps : 1.
17:50 of 1st period - Tim Kennedy wins face-off versus Justin Dowling in neutral zone.
17:59 of 1st period - Barry Goers is hit by Yanni Gourde and loses puck.
18:38 of 1st period - Icing by Jordan Martinook.
18:39 of 1st period - Derek Grant wins face-off versus Zack Mitchell in Devils zone.
18:46 of 1st period - Rod Pelley is hit by Troy Bodie.
19:17 of 1st period - Icing by Scott Gomez.
19:18 of 1st period - Scott Gomez wins face-off versus Darroll Powe in Ice Caps zone.
19:34 of 1st period - Wrist shot by Sean Collins.
19:34 of 1st period - Stopped by Jeff Zatkoff with a rebound.
19:37 of 1st period - Icing by TJ Galiardi.
19:38 of 1st period - Justin Dowling wins face-off versus Scott Gomez in Ice Caps zone.
19:41 of 1st period - Wrist shot by Yanni Gourde.
19:41 of 1st period - Shot Misses the Net.
19:57 of 1st period - Zach O'Brien is hit by Ryan Carter.
Goals for this period are 0 for Devils vs 1 for Ice Caps.
Shots for this period are 4 for Devils vs 12 for Ice Caps.

2nd period


0:01 of 2nd period - Patrick Dwyer wins face-off versus Sean Collins in neutral zone.
0:15 of 2nd period - Slapshot by Colin Miller.
0:15 of 2nd period - Deflect By Tom Kuhnhackl.
0:15 of 2nd period - Shot Misses the Net.
0:15 of 2nd period - Puck is out of play.
0:16 of 2nd period - Sean Collins wins face-off versus Patrick Dwyer in Ice Caps zone.
0:39 of 2nd period - Slapshot by Trevor Smith.
0:39 of 2nd period - Shot Blocked by Garrett Thompson.
0:55 of 2nd period - Garrett Thompson is hit by Ryan Carter and loses puck.
1:32 of 2nd period - Slapshot by Joel Hanley.
1:32 of 2nd period - Shot Blocked by TJ Galiardi.
1:34 of 2nd period - Slapshot by Joel Hanley.
1:34 of 2nd period - Stopped by Jeff Zatkoff with a rebound.
1:36 of 2nd period - Wrist shot by Zach O'Brien.
1:36 of 2nd period - Deflect By Ryan Carter.
1:36 of 2nd period - Shot Blocked by Ryan Carter.
1:36 of 2nd period - Puck is out of play.
1:37 of 2nd period - Derek Grant wins face-off versus Jordan Martinook in Ice Caps zone.
1:53 of 2nd period - Slapshot by Zack Mitchell.
1:53 of 2nd period - Stopped by Jeff Zatkoff with a rebound.
2:12 of 2nd period - Sean Collins is hit by Troy Bodie and loses puck.
2:46 of 2nd period - Zach O'Brien is hit by Tim Kennedy and loses puck.
3:04 of 2nd period - Snap shot by Trevor Smith.
3:04 of 2nd period - Stopped by Anton Khudobin with a rebound.
3:16 of 2nd period - Slapshot by Trevor Smith.
3:16 of 2nd period - Shot Misses the Net.
3:18 of 2nd period - Snap shot by Patrick Dwyer.
3:18 of 2nd period - Shot Misses the Net.
3:48 of 2nd period - Scott Gomez is hit by Rod Pelley and loses puck.
4:42 of 2nd period - Wrist shot by Paul Carey.
4:42 of 2nd period - Stopped by Anton Khudobin without a rebound.
4:43 of 2nd period - Darroll Powe wins face-off versus Tim Kennedy in Devils zone.
5:28 of 2nd period - Snap shot by Justin Dowling.
5:28 of 2nd period - Shot Hit the Post.
5:30 of 2nd period - Snap shot by Zach O'Brien.
5:30 of 2nd period - Shot Misses the Net.
5:32 of 2nd period - Wrist shot by Zach O'Brien.
5:32 of 2nd period - Stopped by Jeff Zatkoff with a rebound.
5:34 of 2nd period - Slapshot by Justin Dowling.
5:34 of 2nd period - Stopped by Jeff Zatkoff without a rebound.
5:35 of 2nd period - Justin Dowling wins face-off versus Patrick Dwyer in Ice Caps zone.
5:59 of 2nd period - Snap shot by Trevor Smith.
5:59 of 2nd period - Shot Blocked by Sean Collins.
6:20 of 2nd period - Wrist shot by TJ Galiardi.
6:20 of 2nd period - Shot Misses the Net.
6:28 of 2nd period - Snap shot by Scott Gomez.
6:28 of 2nd period - Shot Blocked by Colin Miller.
7:12 of 2nd period - Snap shot by Paul Carey.
7:12 of 2nd period - Shot Misses the Net.
7:14 of 2nd period - Slapshot by Derek Grant.
7:14 of 2nd period - Shot Misses the Net.
7:16 of 2nd period - Snap shot by Derek Grant.
7:16 of 2nd period - Stopped by Anton Khudobin without a rebound.
7:17 of 2nd period - Tim Kennedy wins face-off versus Zack Mitchell in Devils zone.
7:32 of 2nd period - Wrist shot by Tim Kennedy.
7:32 of 2nd period - Stopped by Anton Khudobin with a rebound.
7:50 of 2nd period - Sean Collins is hit by Kyle MacKinnon and loses puck.
9:32 of 2nd period - Snap shot by Scott Gomez.
9:32 of 2nd period - Shot Misses the Net.
9:51 of 2nd period - Wrist shot by Jordan Martinook.
9:51 of 2nd period - Deflect By Zack Mitchell.
9:51 of 2nd period - Stopped by Jeff Zatkoff with a rebound.
10:17 of 2nd period - Backhand shot by Paul Carey.
10:17 of 2nd period - Stopped by Anton Khudobin with a rebound.
10:19 of 2nd period - Wrist shot by Troy Bodie.
10:19 of 2nd period - Stopped by Anton Khudobin with a rebound.
10:21 of 2nd period - Backhand shot by Nathan Oystrick.
10:21 of 2nd period - Stopped by Anton Khudobin with a rebound.
10:23 of 2nd period - Slapshot by Troy Bodie.
10:23 of 2nd period - Shot Misses the Net.
10:31 of 2nd period - Snap shot by Troy Bodie.
10:31 of 2nd period - Stopped by Anton Khudobin without a rebound.
10:32 of 2nd period - Darroll Powe wins face-off versus Patrick Dwyer in Devils zone.
11:51 of 2nd period - Snap shot by Paul Carey.
11:51 of 2nd period - Shot Misses the Net.
11:53 of 2nd period - Snap shot by Alex Biega.
11:53 of 2nd period - Stopped by Anton Khudobin without a rebound.
11:54 of 2nd period - Darroll Powe wins face-off versus Derek Grant in Devils zone.
12:22 of 2nd period - Nathan Oystrick is hit by Zack Mitchell and loses puck.
12:31 of 2nd period - Snap shot by Zack Mitchell.
12:31 of 2nd period - Stopped by Jeff Zatkoff without a rebound.
12:32 of 2nd period - Tim Kennedy wins face-off versus Darroll Powe in Ice Caps zone.
13:09 of 2nd period - Snap shot by Sean Collins.
13:09 of 2nd period - Stopped by Jeff Zatkoff with a rebound.
13:30 of 2nd period - Nathan Oystrick is hit by Yanni Gourde and loses puck.
14:05 of 2nd period - Wrist shot by Tom Kuhnhackl.
14:05 of 2nd period - Shot Misses the Net.
14:07 of 2nd period - Slapshot by Garrett Thompson.
14:07 of 2nd period - Shot Misses the Net.
14:09 of 2nd period - Slapshot by Tom Kuhnhackl.
14:09 of 2nd period - Stopped by Jeff Zatkoff with a rebound.
14:11 of 2nd period - Slapshot by Garrett Thompson.
14:11 of 2nd period - Stopped by Jeff Zatkoff with a rebound.
14:13 of 2nd period - Slapshot by Colin Miller.
14:13 of 2nd period - Shot Misses the Net.
14:15 of 2nd period - Snap shot by Jordan Martinook.
14:15 of 2nd period - Stopped by Jeff Zatkoff without a rebound.
14:16 of 2nd period - Scott Gomez wins face-off versus Matthew Ford in Ice Caps zone.
14:18 of 2nd period - Minor Penalty to Ryan Carter for Holding.
14:19 of 2nd period - Scott Gomez wins face-off versus Sean Collins in Ice Caps zone.
14:33 of 2nd period - Zach O'Brien is hit by Alex Grant and loses puck.
15:02 of 2nd period - Off-side.
15:03 of 2nd period - Scott Gomez wins face-off versus Yanni Gourde in neutral zone.
15:14 of 2nd period - Slapshot by Colin Miller.
15:14 of 2nd period - Shot Blocked by TJ Galiardi.
15:16 of 2nd period - Slapshot by Garrett Thompson.
15:16 of 2nd period - Stopped by Jeff Zatkoff with a rebound.
15:18 of 2nd period - Snap shot by Matthew Ford.
15:18 of 2nd period - Stopped by Jeff Zatkoff with a rebound.
16:02 of 2nd period - Gabriel Beaupre is hit by Nick D'Agostino and loses puck.
16:15 of 2nd period - Wrist shot by Derek Grant.
16:15 of 2nd period - Stopped by Anton Khudobin without a rebound.
16:16 of 2nd period - Yanni Gourde wins face-off versus Brandon Yip in Devils zone.
16:18 of 2nd period - Penalty to Ryan Carter is over, Ryan Carter is back on ice.
17:30 of 2nd period - Rod Pelley is hit by Barry Goers and loses puck.
18:55 of 2nd period - Ryan Carter is hit by Zack Mitchell and loses puck.
19:40 of 2nd period - Snap shot by Justin Dowling.
19:40 of 2nd period - Shot Blocked by B.J. Crombeen.
Goals for this period are 0 for Devils vs 0 for Ice Caps.
Shots for this period are 12 for Devils vs 10 for Ice Caps.

3rd period


0:01 of 3rd period - Sean Collins wins face-off versus Scott Gomez in neutral zone.
0:21 of 3rd period - Wrist shot by Sean Collins.
0:21 of 3rd period - Stopped by Jeff Zatkoff with a rebound.
0:59 of 3rd period - Justin Dowling is hit by B.J. Crombeen and loses puck.
1:07 of 3rd period - Minor Penalty to B.J. Crombeen for Interference.
1:08 of 3rd period - Scott Gomez wins face-off versus Yanni Gourde in Ice Caps zone.
1:24 of 3rd period - Snap shot by TJ Galiardi.
1:24 of 3rd period - Shot Misses the Net.
1:26 of 3rd period - Snap shot by TJ Galiardi.
1:26 of 3rd period - Shot Misses the Net.
1:28 of 3rd period - Snap shot by Scott Gomez.
1:28 of 3rd period - Shot Blocked by Gabriel Beaupre.
1:43 of 3rd period - Off-side.
1:44 of 3rd period - Sean Collins wins face-off versus Scott Gomez in neutral zone.
2:41 of 3rd period - Icing by Garrett Thompson.
2:42 of 3rd period - Yanni Gourde wins face-off versus Brandon Yip in Devils zone.
2:47 of 3rd period - Alex Biega is hit by Colin Miller and loses puck.
3:07 of 3rd period - Penalty to B.J. Crombeen is over, B.J. Crombeen is back on ice.
3:37 of 3rd period - Minor Penalty to Justin Dowling for Hooking.
3:38 of 3rd period - Sean Collins wins face-off versus Trevor Smith in Devils zone.
4:01 of 3rd period - Garrett Thompson is hit by B.J. Crombeen.
4:09 of 3rd period - Wrist shot by B.J. Crombeen.
4:09 of 3rd period - Stopped by Anton Khudobin with a rebound.
5:29 of 3rd period - B.J. Crombeen is hit by Curtis Hamilton.
5:37 of 3rd period - Penalty to Justin Dowling is over, Justin Dowling is back on ice.
5:57 of 3rd period - Zach O'Brien is hit by Alex Biega and loses puck.
6:02 of 3rd period - Snap shot by Brandon Yip.
6:02 of 3rd period - Shot Misses the Net.
6:49 of 3rd period - Zack Mitchell is hit by Troy Bodie and loses puck.
6:56 of 3rd period - Jordan Martinook is hit by Derek Grant and loses puck.
7:23 of 3rd period - Trevor Smith is hit by Darroll Powe and loses puck.
7:47 of 3rd period - Tim Kennedy is hit by Gabriel Beaupre and loses puck.
7:54 of 3rd period - Snap shot by Justin Dowling.
7:54 of 3rd period - Stopped by Jeff Zatkoff with a rebound.
8:02 of 3rd period - Yanni Gourde is hit by Kyle MacKinnon and loses puck.
8:21 of 3rd period - Snap shot by Sean Collins.
8:21 of 3rd period - Stopped by Jeff Zatkoff with a rebound.
8:23 of 3rd period - Wrist shot by Matthew Ford.
8:23 of 3rd period - Stopped by Jeff Zatkoff without a rebound.
8:24 of 3rd period - Darroll Powe wins face-off versus Ryan Carter in Ice Caps zone.
8:50 of 3rd period - Gabriel Beaupre is hit by Bobby Sanguinetti and loses puck.
9:35 of 3rd period - Brandon Yip is hit by Joel Hanley and loses puck.
13:09 of 3rd period - B.J. Crombeen is hit by Zach O'Brien and loses puck.
13:23 of 3rd period - Icing by Zack Mitchell.
13:24 of 3rd period - Darroll Powe wins face-off versus Derek Grant in Devils zone.
13:47 of 3rd period - Sean Collins is hit by Nick D'Agostino.
14:21 of 3rd period - Trevor Smith is hit by Justin Dowling and loses puck.
15:12 of 3rd period - Bobby Sanguinetti is hit by Jordan Martinook and loses puck.
15:23 of 3rd period - Slapshot by Sean Collins.
15:23 of 3rd period - Stopped by Jeff Zatkoff with a rebound.
15:25 of 3rd period - Slapshot by Gabriel Beaupre.
15:25 of 3rd period - Shot Blocked by Derek Grant.
15:58 of 3rd period - Zack Mitchell is hit by Nathan Oystrick and loses puck.
16:21 of 3rd period - Snap shot by Tom Kuhnhackl.
16:21 of 3rd period - Stopped by Jeff Zatkoff with a rebound.
16:23 of 3rd period - Slapshot by John Ramage.
16:23 of 3rd period - Shot Misses the Net.
16:25 of 3rd period - Snap shot by Tom Kuhnhackl.
16:25 of 3rd period - Shot Misses the Net.
16:40 of 3rd period - Icing by Curtis Hamilton.
16:41 of 3rd period - Kyle MacKinnon wins face-off versus Darroll Powe in Devils zone.
17:22 of 3rd period - Wrist shot by Paul Carey.
17:22 of 3rd period - Stopped by Anton Khudobin with a rebound.
17:24 of 3rd period - Backhand shot by Derek Grant.
17:24 of 3rd period - Shot Misses the Net.
17:26 of 3rd period - Backhand shot by Bobby Sanguinetti.
17:26 of 3rd period - Stopped by Anton Khudobin with a rebound.
17:28 of 3rd period - Slapshot by Bobby Sanguinetti.
17:28 of 3rd period - Shot Misses the Net.
17:54 of 3rd period - Justin Dowling is hit by Scott Gomez and loses puck.
19:05 of 3rd period - Devils, Anton Khudobin is pulled from the net.
19:31 of 3rd period - Nathan Oystrick is hit by Rod Pelley and loses puck.
19:37 of 3rd period - Icing by TJ Galiardi.
19:38 of 3rd period - Scott Gomez wins face-off versus Rod Pelley in Ice Caps zone.
19:57 of 3rd period - Wrist shot by TJ Galiardi.
19:57 of 3rd period - Shot Misses the Net.
19:59 of 3rd period - Snap shot by Scott Gomez.
19:59 of 3rd period - Shot Misses the Net.
Goals for this period are 0 for Devils vs 0 for Ice Caps.
Shots for this period are 6 for Devils vs 3 for Ice Caps.